 Dungeon Crawl Stone Soup version 0.19.1-1-g22dce08 (webtiles) character file.

142 theAP the Cudgeler (level 5, -4/41 HPs)
             Began as a Demonspawn Chaos Knight on Dec 31, 2016.
             Was an Initiate of Gozag.
             Slain by a centaur (6 damage)
             ... on level 3 of the Dungeon.
             The game lasted 00:06:59 (1480 turns).

theAP the Cudgeler (Demonspawn Chaos Knight)        Turns: 1480, Time: 00:07:00

Health: -4/41      AC:  7    Str: 14    XL:     5   Next: 3%
Magic:  5/5        EV: 11    Int: 13    God:    Gozag
Gold:   199        SH:  0    Dex: 12    Spells: 0 memorised, 4 levels left

rFire  x . .     SeeInvis .     a - +0 mace (chaos)
rCold  + . .     Gourm    .     b - +2 leather armour
rNeg   . . .     Faith    .     (no shield)
rPois  .         Spirit   .     (no helmet)
rElec  .         Reflect  .     (no cloak)
rCorr  .         Harm     .     (no gloves)
MR     .....                    (no boots)
Stlth  ++........               (no amulet)
                                (no ring)
                                f - ring of ice

@: no status effects
A: hooves 1, yellow scales 1, nightstalker 1
a: Potion Petition, Call Merchant, Bribe Branch, Renounce Religion


You were on level 3 of the Dungeon.
You worshipped Gozag.
Gozag was aware of your devotion.
You were not hungry.

You visited 1 branch of the dungeon, and saw 3 of its levels.

You collected 199 gold pieces.

Inventory:

Hand Weapons
 a - a +0 mace of chaos (weapon)
Armour
 b - a +2 leather armour (worn)
Jewellery
 f - a ring of ice (left hand)
 g - an uncursed ring of resist corrosion {unknown}
 n - an uncursed amulet of inaccuracy
Scrolls
 d - 3 scrolls of identify
 e - a scroll of blinking {unknown}
 i - a scroll of remove curse
Comestibles
 c - 3 bread rations
 l - 2 meat rations


   Skills:
 - Level 3.3 Fighting
 + Level 4.9 Maces & Flails
 - Level 1.9 Armour
 - Level 1.0 Dodging
 - Level 0.4 Stealth


You had 4 spell levels left.
You didn't know any spells.

Dungeon Overview and Level Annotations

Branches:
Dungeon (3/15)

Altars:
Fedhas
Gozag

Annotations:
D:2 Sigmund


Innate Abilities, Weirdness & Mutations

You have large cloven feet.
You are partially covered in yellow scales. (AC +2)
You are slightly more attuned to the shadows.


Message History

The centaur unwields an uncursed shortbow of flaming.
It stops flaming.
The centaur barely misses you.
You hit the centaur. You burn the centaur.
The centaur is lightly wounded.
The centaur hits you.
* * * LOW HITPOINT WARNING * * *
You closely miss the centaur. Your kick misses the centaur.
The centaur is lightly wounded.
The centaur hits you but does no damage.
The centaur closely misses you.
You sock the centaur! You burn the centaur.
You kick the centaur, but do no damage.
The centaur is heavily wounded.
The centaur hits you but does no damage. x2
You hit the centaur. You freeze the centaur. Your kick misses the centaur.
The centaur is heavily wounded.
The centaur hits you.
You die...
Xom laughs nastily!
Your body crumbles into a pile of gold.

.####....##.#...#.#.###.##.#.# #.
.........##.....#.#...#....#.# #.
....8....#####....###.######.# #.
...8.8..## ##..........# #.###.
..8._.8.# ######.....###.#...
...8.8..############.....#...#.##
#...8...#..>.................#..#
#.......#..................(....#
#######........c@(((............)
###..........(......#######
#..........................
#...................#######
#...#########.......# #...#
#.......# .....# #.......#
....### #.......# .... #########


You could see a centaur.

Vanquished Creatures
  A crimson imp (D:3)
  An orc priest (D:3)
  4 adders (D:3)
  An ooze (D:1)
  A dart slug (D:1)
  A leopard gecko (D:2)
  7 orcs (D:3)
  A ball python (D:1)
  2 giant cockroaches
  3 goblins
  7 hobgoblins
  A jackal (D:3)
  2 kobolds
  3 bats
  2 frilled lizards (D:1)
  3 rats
40 creatures vanquished.

Vanquished Creatures (collateral kills)
  2 jackals (D:3)
2 creatures vanquished.

Grand Total: 42 creatures vanquished

Notes
Turn   | Place    | Note
-------+----------+-------------------------------------------
     0 | D:1      | theAP the Demonspawn Chaos Knight began the quest for the Orb.
     0 | D:1      | Reached XP level 1. HP: 18/18 MP: 1/1
    14 | D:1      | XOM: harmless Tmut miscast
    43 | D:1      | Reached skill level 1 in Dodging
    87 | D:1      | Gained mutation: You have large cloven feet. [demonic ancestry]
    87 | D:1      | Reached XP level 2. HP: 15/24 MP: 2/2
   367 | D:1      | Reached skill level 3 in Maces & Flails
   906 | D:2      | Noticed Sigmund
   916 | D:2      | Reached XP level 3. HP: 4/29 MP: 3/3
   916 | D:2      | HP: 1/29 [Sigmund/scythe of pain (3)]
   936 | D:2      | XOM: harmless Tmut miscast
   967 | D:3      | XOM: potion effect (curing)
   981 | D:3      | Reached skill level 4 in Maces & Flails
  1064 | D:3      | Noticed a centaur
  1079 | D:3      | Gained mutation: You are partially covered in yellow scales. (AC +2) [demonic ancestry]
  1079 | D:3      | Reached XP level 4. HP: 13/35 MP: 4/4
  1101 | D:3      | XOM: summons friendly iron imp
  1158 | D:3      | Found a faded altar of an unknown god.
  1167 | D:3      | Fell from the grace of Xom
  1167 | D:3      | Became a worshipper of Gozag Ym Sagoz the Greedy
  1372 | D:3      | Found a blossoming altar of Fedhas.
  1386 | D:3      | Gained mutation: You are slightly more attuned to the shadows. [demonic ancestry]
  1386 | D:3      | Reached XP level 5. HP: 24/41 MP: 5/5
  1477 | D:3      | HP: 2/41 [centaur (2)]
  1480 | D:3      | Slain by a centaur

Skill      XL: |  1  2  3 |
---------------+----------+-----
Dodging        | 1 |  1.0
Maces & Flails | 3 4 |  4.9
Fighting       | |  3.3
Armour         | |  1.9
Stealth        | |  0.4

Action                   |  1- 3 |  4- 6 || total
-------------------------+-------+-------++-------
Melee: Mace              |    95 |    61 ||   156
       Kick              |    25 |    13 ||    38
  Use: Scroll            |     5 |       ||     5
       Potion            |     4 |     2 ||     6
 Stab: Petrified         |     4 |       ||     4
       Paralysed         |     2 |       ||     2
       Distracted        |       |     1 ||     1
  Eat: Chunk             |     1 |       ||     1
       Beef jerky        |       |     1 ||     1
Armor: Leather armour    |    19 |    28 ||    47
Dodge: Dodged            |    44 |    41 ||    85
